 Dungeon Crawl Stone Soup version 0.30.0-19-g36f170ea60 (webtiles) character file.

Game seed: 12748711342588089015

16352 tizbic2 the Fighter (level 12, -18/102 HPs)
             Began as a Formicid Hunter on May 28, 2023.
             Was an Elder of Zin.
             Demolished by a white ugly thing (26 damage)
             ... on level 12 of the Dungeon.
             The game lasted 00:53:44 (11722 turns).

tizbic2 the Fighter (Formicid Hunter)              Turns: 11722, Time: 00:53:45

Health: -18/102    AC: 19    Str: 19    XL:     12   Next: 69%
Magic:  0/18       EV: 17    Int:  9    God:    Zin [****..]
Gold:   390        SH:  7    Dex: 19    Spells: 11/11 levels left

rFire   . . .        w - +0 arbalest
rCold   . . .        E - +0 buckler
rNeg    . . .        J - +0 acid dragon scales
rPois   .            (helmet unavailable)
rElec   .            l - +0 cloak
rCorr   +            s - +0 pair of gloves
SInv    +            c - +2 pair of boots
Will    +....        o - amulet of guardian spirit
Stlth   ++           r - +5 ring of evasion
HPRegen 0.37/turn    k - +4 ring of protection
MPRegen 0.16/turn

%: guardian spirit
@: on recite cooldown, studying Fighting
A: permanent stasis, dig shafts and tunnels, antennae 3, four strong arms
a: Dig, Shaft Self, Renounce Religion, Recite, Vitalisation, Imprison, Donate
Gold


You were on level 12 of the Dungeon.
You worshipped Zin.
Zin was greatly pleased with you.
You visited 2 branches of the dungeon, and saw 14 of its levels.

You collected 495 gold pieces.
You spent 56 gold pieces at shops.
You donated 49 gold pieces to Zin.

Inventory:

Hand Weapons
 a - the +5 trident of Scorn {flame, rElec rC+ Will+ SInv}
   (You found it on level 8 of the Dungeon)

   rC:        It protects you from cold.
   rElec:     It insulates you from electricity.
   SInv:      It lets you see invisible.
   Will:      It increases your willpower.
 t - a +1 scimitar of flaming
 w - a +0 arbalest (weapon)
 C - a +1 battleaxe
 G - a +1 shortbow of flaming
Missiles
 n - a throwing net
 F - 11 poisoned darts
Armour
 c - a +2 pair of boots (worn)
 l - a +0 cloak (worn)
 m - a +2 robe of willpower
 q - a +1 robe of cold resistance
 s - a +0 pair of gloves (worn)
 D - a +0 plate armour
 E - a +0 buckler (worn)
 J - +0 acid dragon scales (worn)
Magical Staves
 z - a staff of poison
Jewellery
 k - a +4 ring of protection (right hand)
 o - an amulet of guardian spirit (around neck)
 r - a +5 ring of evasion (left hand)
 y - a ring of flight
Wands
 g - a wand of flame (14)
 u - a wand of mindburst (5)
 A - a wand of roots (14)
 H - a wand of digging (4)
Scrolls
 b - 2 scrolls of immolation
 h - a scroll of magic mapping
 v - 3 scrolls of silence
 I - a scroll of poison
Potions
 d - 2 potions of ambrosia
 e - 4 potions of curing
 f - 2 potions of heal wounds
 i - 2 potions of might
 j - 3 potions of attraction
 p - 6 potions of brilliance
 x - 3 potions of mutation


   Skills:
 + Level 11.8 Fighting
 * Level 11.5 Ranged Weapons
 + Level 11.5 Armour
 - Level 1.7 Dodging
 - Level 1.2 Stealth
 + Level 9.9 Shields
 * Level 8.9 Invocations


You had 11 spell levels left.
You didn't know any spells.
Your spell library contained the following spells:

 Spells                   Type           Power      Damage    Failure   Level
 Beastly Appendage        Tmut           0%         N/A       52%         1
 Sting                    Tmut/Pois      0%         1d3       52%         1
 Poisonous Vapours        Pois/Air       0%         N/A       65%         2
 Wereblood                Tmut           0%         N/A       65%         2
 Spider Form              Tmut/Pois      0%         N/A       87%         3
 Olgreb's Toxic Radiance  Pois           0%         N/A       99%         4


Dungeon Overview and Level Annotations

Branches:
Dungeon (13/15)            Temple (1/1) D:5            Lair (0/5) D:10
    Orc (0/2) D:11
 Vaults: D:13-14

Altars:
Ashenzari
Cheibriados
Dithmenos
Elyvilon
Fedhas
Gozag
Hepliaklqana
Kikubaaqudgha
Makhleb
Nemelex Xobeh
Okawaru
Qazlal
Ru
Sif Muna
Trog
Uskayaw
Vehumet
Wu Jian
Xom
Yredelemnul
Zin
The Shining One

Shops:
D:2 =[   D:4 =   D:5 *   D:6 ?   D:8 *=   D:11 !

Portals:
Trove: D:11 (give 15 potions of curing)

Annotations:
D:13 Rupert


Innate Abilities, Weirdness & Mutations

You cannot be hasted, slowed, berserked, paralysed or teleported.
You can dig through walls and to a lower floor.
You have a pair of large antennae on your head. (SInv)
Your four strong arms can wield two-handed weapons with a shield.


Message History

* * * LOW HITPOINT WARNING * * *
You are engulfed in flames!!
* * * LOW HITPOINT WARNING * * *
You feel much better.
The white ugly thing closely misses you.
The sun demon hits you but does no damage.
Okay, then.
Activating: Recite (0% risk of failure)
Press: ? - help, Dir - look around, f - activate You clear your throat and prepare to recite. "To the devout, Zin provideth.
From the rest..."
The white ugly thing completely misses you.
The sun demon barely misses you.
You shoot a bolt.
The bolt misses the sun demon. "...ye bastard children of Xom, ye guilty..."
The sun demon completely misses you.
The white ugly thing claws you but does no damage.
The sun demon closely misses you. The white ugly thing barely misses you.
You shoot a bolt.
The bolt barely misses the sun demon. "...of discord, Zin taketh."
You finish reciting Abominations 5:47.
The sun demon hits you but does no damage.
The white ugly thing claws you but does no damage.
You block the sun demon's attack.
You shoot a bolt. The bolt hits the sun demon!!
You kill the sun demon!
The white ugly thing claws you but does no damage.
The white ugly thing barely misses you.
You shoot a bolt.
The bolt closely misses the white ugly thing.
You block the white ugly thing's attack.
You shoot a bolt.
The bolt closely misses the white ugly thing.
You block the white ugly thing's attack.
You shoot a bolt. The bolt hits the white ugly thing!!
The white ugly thing is moderately wounded.
The white ugly thing misses you. The white ugly thing claws you!
* * * LOW HITPOINT WARNING * * *
The white ugly thing freezes you!!
You die...

#..................
#.#################
#.# #.# #.# #.#
#.#################
#..................
#.@u...............
#..################
#..# #..#
#..################
#............>.....
#..................
#..................
#..................


You could see a white ugly thing.

Vanquished Creatures
  Erica (D:9)
  2 two-headed ogres (D:11)
  A sun demon (D:12)
  3 skeletal warriors (D:12)
  Pikel (D:6)
  An ugly thing (D:12)
  A cyclops (D:12)
  2 manticores (D:12)
  A gargoyle (D:10)
  Psyche (D:9)
  A kobold demonologist (D:12)
  2 trolls
  A red devil (D:13)
  A hellwing (D:13)
  Prince Ribbit (D:6)
  Sigmund (D:2)
  2 ynoxinuls (D:13)
  A vampire (D:11)
  A shadow (D:11)
  9 yaks
  2 wraiths
  A wyvern (D:8)
  A steam dragon (D:8)
  A two-headed ogre zombie (D:11)
  An acid dragon (D:12)
  A water moccasin (D:9)
  6 orc warriors
  An ice beast (D:5)
  4 black bears
  A sky beast (D:6)
  11 ogres
  4 centaurs
  2 phantoms
  3 kobold brigands
  2 bullfrogs
  3 scorpions
  2 gnoll sergeants
  A troll zombie (D:11)
  3 wights (D:9)
  19 killer bees
  2 howler monkeys
  An electric eel (D:8)
  4 jellies
  3 gnoll boudas (D:10)
  5 hounds
  5 orc priests
  2 sleepcaps
  5 iguanas
  8 orc wizards
  6 ogre zombies (D:11)
  A human simulacrum (D:10)
  25 gnolls
  6 adders
  A shadow imp (D:7)
  3 white imps
  3 ufetubi
  3 worms
  5 dart slugs
  30 orcs
  8 ball pythons
  6 bats
  9 endoplasms
  6 giant cockroaches
  4 goblins
  9 hobgoblins
  3 jackals (D:2)
  10 quokkas
  A goblin skeleton (D:11)
  3 goblin zombies (D:11)
  2 hobgoblin skeletons (D:11)
  3 hobgoblin zombies (D:11)
  13 kobolds
  An orc skeleton (D:11)
  15 orc zombies (D:11)
  11 rats
325 creatures vanquished.

Vanquished Creatures (others)
  A human simulacrum (D:10)
1 creature vanquished.

Grand Total: 326 creatures vanquished

Notes
Turn   | Place    | Note
-------+----------+-------------------------------------------
     0 | D:1      | tizbic2 the Formicid Hunter began the quest for the Orb.
     0 | D:1      | Reached XP level 1. HP: 16/16 MP: 1/1
   108 | D:1      | Reached XP level 2. HP: 22/22 MP: 2/2
   117 | D:1      | Reached skill level 1 in Armour
   128 | D:1      | Reached skill level 1 in Shields
   146 | D:1      | Reached XP level 3. HP: 14/27 MP: 3/3
   566 | D:2      | Identified a scroll of acquirement
   566 | D:2      | Acquired a manual of Fighting
   719 | D:2      | Found Muetwum's Antique Armour Shop.
   812 | D:2      | Reached XP level 4. HP: 32/32 MP: 4/4
  1084 | D:2      | Noticed Sigmund
  1096 | D:2      | Killed Sigmund
  1097 | D:2      | Reached skill level 5 in Ranged Weapons
  1097 | D:2      | Reached XP level 5. HP: 29/42 MP: 0/5
  1097 | D:2      | Reached XP level 6. HP: 33/48 MP: 0/6
  1171 | D:2      | Found Bampatel's Jewellery Boutique.
  1360 | D:3      | Found a faded altar of an unknown god.
  1364 | D:3      | Found a hide-covered altar of Uskayaw.
  1513 | D:3      | Found a glowing golden altar of the Shining One.
  2078 | D:4      | Found Zaazonus's Jewellery Shoppe.
  2153 | D:4      | Reached skill level 1 in Invocations
  2172 | D:4      | Reached XP level 7. HP: 53/55 MP: 5/7
  2595 | D:5      | Entered Level 5 of the Dungeon
  2605 | D:5      | Found a staircase to the Ecumenical Temple.
  2617 | Temple   | Entered the Ecumenical Temple
  2685 | Temple   | Became a worshipper of Zin the Law-Giver
  2685 | Temple   | Reached * piety under Zin
  2858 | D:5      | Reached skill level 5 in Fighting
  2870 | D:5      | Found a shimmering blue altar of Sif Muna.
  2922 | D:5      | Reached XP level 8. HP: 59/62 MP: 9/9
  2958 | D:5      | Found Juucec's General Store.
  2967 | D:5      | Reached skill level 5 in Armour
  2980 | D:5      | Bought a scroll of identify for 28 gold pieces
  2980 | D:5      | Bought a scroll of identify for 28 gold pieces
  3106 | D:5      | Found a bloodstained altar of Trog.
  3152 | D:5      | Found Pudynn's Lightly-Used Armoury.
  3810 | D:6      | Found an opulent altar of Gozag.
  3817 | D:6      | Reached skill level 5 in Shields
  3817 | D:6      | Reached XP level 9. HP: 71/71 MP: 11/11
  3824 | D:6      | Noticed Prince Ribbit
  3838 | D:6      | Killed Prince Ribbit
  4019 | D:6      | Found a snail-covered altar of Cheibriados.
  4052 | D:6      | Noticed Pikel
  4075 | D:6      | Killed Pikel
  4191 | D:6      | Found an ornate altar of the Wu Jian Council.
  4261 | D:6      | Reached ** piety under Zin
  4302 | D:6      | Found Gimpyrgh's Magic Scroll Boutique.
  4674 | D:7      | Found a sparkling altar of Nemelex Xobeh.
  4821 | D:7      | Found a shimmering altar of Xom.
  4945 | D:7      | Reached skill level 5 in Invocations
  5089 | D:7      | Reached XP level 10. HP: 69/80 MP: 11/13
  5160 | D:7      | Found a burning altar of Makhleb.
  5452 | D:8      | Identified the +5 trident of Scorn {flame, rElec rC+ Will+
                  | SInv}
  5489 | D:8      | Found Vowiuh's Jewellery Boutique.
  5933 | D:8      | Found Hoppe's Changing Room.
  6189 | D:8      | Reached *** piety under Zin
  6743 | D:9      | Noticed Psyche
  6749 | D:9      | Killed Psyche
  6844 | D:9      | Noticed Erica
  6855 | D:9      | Killed Erica
  7555 | D:9      | Reached XP level 11. HP: 89/89 MP: 15/15
  7880 | D:10     | Entered Level 10 of the Dungeon
  8315 | D:10     | Reached skill level 10 in Fighting
  8502 | D:10     | Reached skill level 10 in Ranged Weapons
  8732 | D:10     | Reached skill level 10 in Armour
  9161 | D:10     | Found a staircase to the Lair.
  9609 | D:11     | Found Omeumea's Distillery.
  9710 | D:11     | Noticed a two-headed ogre
 10005 | D:11     | Killed a two-headed ogre
 10196 | D:11     | Noticed a two-headed ogre
 10207 | D:11     | Killed a two-headed ogre
 10225 | D:11     | Found a portal to a secret trove of treasure.
 10250 | D:11     | Reached XP level 12. HP: 96/99 MP: 17/17
 10268 | D:11     | Reached **** piety under Zin
 10358 | D:11     | Found a staircase to the Orcish Mines.
 10563 | D:12     | HP: 5/100 [poisoned by a green ugly thing]
 10913 | D:12     | Noticed a skeletal warrior
 10913 | D:12     | Noticed a skeletal warrior
 10916 | D:12     | Noticed a skeletal warrior
 10937 | D:12     | Killed a skeletal warrior
 10942 | D:12     | Killed a skeletal warrior
 10950 | D:12     | Killed a skeletal warrior
 11626 | D:13     | Noticed Rupert
 11692 | D:13     | Noticed a sun demon
 11714 | D:12     | HP: 3/102 [sun demon (16)]
 11719 | D:12     | Killed a sun demon
 11722 | D:12     | Demolished by a white ugly thing

Illustrated notes

Levels and vault maps discovered:
D:1:      minmay_arrival_plants_in_alcoves, layout_rooms
D:2:      layout_basic, serial_shops, nicolae_shop_trees,
          nicolae_shop_gaudy_bauble, small_statue_intersection,
          minmay_tromino_mix6, uniq_sigmund
D:3:      layout_basic, lemuel_crystal_altar, nicolae_overflow_ecumenical_swirl,
          serial_forest, infiniplex_forest_straight_5,
          infiniplex_forest_clump_tiny, infiniplex_forest_straight_4,
          infiniplex_forest_straight_3, infiniplex_forest_split,
          corexii_leaking_fountain, st_stairs_3
D:4:      layout_rooms, serial_shops, shop
D:5:      layout_basic, mainiacjoe_overflow_cross_hatched,
          nicolae_overflow_hidden_temple, minmay_temple_entry_waves,
          serial_shops, nicolae_shop_statue_plus, minmay_shop_damaged,
          kennysheep_generic_room_11
D:6:      layout_rooms, old_standard_altar, nicolae_overflow_crystal_walls,
          mainiacjoe_overflow_chevrons, serial_shops, shop_scrolls,
          uniq_prince_ribbit1, uniq_pikel
D:7:      layout_loops_ring, marbit_many_paths,
          nemelex_xobeh_ov_fountains_minmay, mainiacjoe_overflow_alcove_4,
          grunt_ministairs_3
D:8:      layout_gridville, nicolae_transmutations_shop,
          minmay_shop_enchanted_jewellery, minivault_24, serial_bayou_ford_a
D:9:      layout_loops_ring, serial_rivers, chequers_serial_rivers_micro_b,
          chequers_serial_rivers_micro_b, chequers_serial_rivers_small_a,
          chequers_serial_rivers_room_a, chequers_serial_rivers_micro_a,
          uniq_psyche, uniq_erica
D:10:     kennysheep_seaside_town, layout_cave_pools,
          grunt_lair_entry_orc_guard_hut, bh_circular_ruins
D:11:     layout_gridville, zombieorc2_lemuel, nicolae_trove_entry_isolated,
          serial_shops, shop_fountains
D:12:     layout_long_grid, dreamdust_mushroom_princess, nicolae_two_hexagons
D:13:     layout_irregular_city, hangedman_vaults_entry_quadrant_bands,
          serial_demonic, serial_demonic_e, serial_demonic_b, serial_demonic_a,
          serial_demonic_b, uniq_erolcha, uniq_rupert, uniq_kirke, uniq_jorgrun
Temple:   minmay_temple_forest_path

Skill      XL: |  1  2  3  4  5  6  7  8  9 10 11 12 |
---------------+-------------------------------------+-----
Armour         | 1 3 4 6 7 9 10 11 | 11.5
Shields        | 1 2 3 5 6 7 9 |  9.9
Fighting       | 4 5 6 7 9 10 11 | 11.8
Ranged Weapons | 5 6 7 8 9 10 11 | 11.5
Invocations    | 1 2 3 5 6 7 8 |  8.9
Dodging        | |  1.7
Stealth        | |  1.2

Action                     |  1- 3 |  4- 6 |  7- 9 | 10-12 || total
---------------------------+-------+-------+-------+-------++-------
  Melee: Trident           |       |       |       |    83 ||    83
         Punch             |       |       |       |     3 ||     3
         Battleaxe         |       |       |       |    23 ||    23
   Fire: Shortbow          |    94 |   135 |   255 |   321 ||   805
         Arbalest          |       |       |       |   282 ||   282
  Throw: Dart              |       |       |       |     3 ||     3
         Throwing net      |       |       |       |     1 ||     1
 Invoke: Recite            |       |       |     3 |    33 ||    36
         Vitalisation      |       |       |       |     4 ||     4
         Imprison          |       |       |       |     1 ||     1
Ability: Dig               |     2 |     1 |     1 |     3 ||     7
    Use: Scroll            |     2 |     8 |    13 |     5 ||    28
         Potion            |       |       |       |     4 ||     4
 Armour: Leather armour    |    22 |       |       |       ||    22
         Scale mail        |       |     4 |    47 |    62 ||   113
         Ring mail         |       |     3 |       |       ||     3
         Robe              |       |     8 |     4 |       ||    12
         Plate armour      |       |       |       |   287 ||   287
         Chain mail        |       |       |       |    21 ||    21
         Acid dragon scale |       |       |       |    26 ||    26
         Troll leather arm |       |       |       |     9 ||     9
  Dodge: Dodged            |    54 |    43 |   124 |   649 ||   870
  Block: Buckler           |       |       |       |   174 ||   174
